BSA
SPRINGFIELD STARS @ NEW ORLEANS LOOTERS
08/16/2030
 
TOP OF THE 1ST
Springfield Stars batting - Pitching for New Orleans Looters : RHP Edward Baker
Pitching: RHP Edward Baker
Batting: SHB António De La Cruz 0-0: Ball
1-0: Fly out, F7 (Flyball, 78S)
Batting: LHB Jesús Tobías 0-0: Foul Ball, location: 2F
0-1: Ball
1-1: Foul Ball, location: 2F
1-2: Foul Ball, location: 2F
1-2: Ball
2-2: Fly out, F9 (Flyball, 9S)
Batting: LHB Derek Davidson 0-0: Ball
1-0: Swinging Strike
1-1: Ball
2-1: Called Strike
2-2: Foul Ball, location: 2F
2-2: Ground out 6-3 (Groundball, 6M)
Top of the 1st over - 0 runs, 0 hits, 0 errors, 0 left on base; Springfield 0 - New Orleans 0
BOTTOM OF THE 1ST
New Orleans Looters batting - Pitching for Springfield Stars : LHP José López
Pitching: LHP José López
Batting: LHB Miguel Colón 0-0: Foul Ball, location: 2F
0-1: Ball
1-1: Foul Ball, location: 2F
1-2: Foul Ball, location: 2F
1-2: Strikes out looking
Batting: LHB Mario Álvarez 0-0: Ball
1-0: Ground out U3 (Groundball, 3)
Batting: SHB Arturo Sánchez 0-0: Ground out 5-3 (Groundball, 56)
Bottom of the 1st over - 0 runs, 0 hits, 0 errors, 0 left on base; Springfield 0 - New Orleans 0
TOP OF THE 2ND
Springfield Stars batting - Pitching for New Orleans Looters : RHP Edward Baker
Batting: LHB Felipe Guerrero 0-0: Called Strike
0-1: Called Strike
0-2: Ground out U3 (Groundball, 3)
Batting: LHB Elliott Newell 0-0: Ball
1-0: Called Strike
1-1: Swinging Strike
1-2: Foul Ball, location: 2F
1-2: SINGLE (Line Drive, 4)
Batting: RHB Calvin Bennett 0-0: Ball
1-0: Called Strike
1-1: Swinging Strike
1-2: Strikes out looking
Batting: RHB Norberto Taváres 0-0: Foul Ball, location: 2F
0-1: Ball
1-1: Ball
2-1: Foul Ball, location: 2F
2-2: Ground out 6-3 (Groundball, 6S)
Top of the 2nd over - 0 runs, 1 hit, 0 errors, 1 left on base; Springfield 0 - New Orleans 0
BOTTOM OF THE 2ND
New Orleans Looters batting - Pitching for Springfield Stars : LHP José López
Batting: RHB Ramón Hernández 0-0: Ground out 5-3 (Groundball, 56S)
Batting: LHB Taylor Smith 0-0: Called Strike
0-1: Ball
1-1: Ball
2-1: Foul Ball, location: 2F
2-2: Strikes out swinging
Batting: RHB Tim Gardner 0-0: Ball
1-0: Called Strike
1-1: Foul Ball, location: 2F
1-2: Ball
2-2: SOLO HOME RUN (Flyball, 7LD), Distance : 344 ft
Batting: RHB Dan Banks 0-0: Called Strike
0-1: Ball
1-1: Foul Ball, location: 2F
1-2: Strikes out swinging
Bottom of the 2nd over - 1 run, 1 hit, 0 errors, 0 left on base; Springfield 0 - New Orleans 1
TOP OF THE 3RD
Springfield Stars batting - Pitching for New Orleans Looters : RHP Edward Baker
Batting: LHB Mike Pearson 0-0: Swinging Strike
0-1: Ground out 4-3 (Groundball, 4)
Batting: RHB Juan Carlos Rodríguez 0-0: Called Strike
0-1: Called Strike
0-2: Ball
1-2: Foul Ball, location: 2F
1-2: Ball
2-2: Foul Ball, location: 2F
2-2: Ball
3-2: Foul Ball, location: 2F
3-2: Foul Ball, location: 2F
3-2: Strikes out swinging
Batting: SHB António De La Cruz 0-0: Ball
1-0: Called Strike
1-1: Fly out, F5 (Popup, 5SF)
Top of the 3rd over - 0 runs, 0 hits, 0 errors, 0 left on base; Springfield 0 - New Orleans 1
BOTTOM OF THE 3RD
New Orleans Looters batting - Pitching for Springfield Stars : LHP José López
Batting: LHB John Hudson 0-0: Ball
1-0: Called Strike
1-1: Foul Ball, location: 2F
1-2: Ball
2-2: Strikes out swinging
Batting: RHB Run-ming Zhu 0-0: Called Strike
0-1: Ground out 6-3 (Groundball, 56D)
Batting: LHB Miguel Colón 0-0: Ball
1-0: Swinging Strike
1-1: Foul Ball, location: 2F
1-2: Ball
2-2: Foul Ball, location: 2F
2-2: Strikes out looking
Bottom of the 3rd over - 0 runs, 0 hits, 0 errors, 0 left on base; Springfield 0 - New Orleans 1
TOP OF THE 4TH
Springfield Stars batting - Pitching for New Orleans Looters : RHP Edward Baker
Batting: LHB Jesús Tobías 0-0: SINGLE (Groundball, 34D)
Batting: LHB Derek Davidson 0-0: Fly out, F9 (Flyball, 9)
Batting: LHB Felipe Guerrero 0-0: Ball
1-0: Swinging Strike
1-1: Foul Ball, location: 2F
1-2: Ball
2-2: Ball
3-2: Foul Ball, location: 2F
3-2: Foul Ball, location: 2F
3-2: Foul Ball, location: 2F
3-2: SINGLE (Line Drive, 56D)
Jesús Tobías to second
Jesús Tobías to third
Batting: LHB Elliott Newell 0-0: Ball
1-0: Called Strike
1-1: Ball
2-1: Ground out U3 (Groundball, 34S)
Jesús Tobías scores
Felipe Guerrero to second
Batting: RHB Calvin Bennett 0-0: Ground out 6-3 (Groundball, 6)
Top of the 4th over - 1 run, 2 hits, 0 errors, 1 left on base; Springfield 1 - New Orleans 1
BOTTOM OF THE 4TH
New Orleans Looters batting - Pitching for Springfield Stars : LHP José López
Batting: LHB Mario Álvarez 0-0: Ball
1-0: Fly out, F7 (Flyball, 7S)
Batting: SHB Arturo Sánchez 0-0: Called Strike
0-1: Fly out, F9 (Flyball, 9LSF)
Batting: RHB Ramón Hernández 0-0: Ball
1-0: Ball
2-0: Ground out 3-1 (Groundball, 23)
Bottom of the 4th over - 0 runs, 0 hits, 0 errors, 0 left on base; Springfield 1 - New Orleans 1
TOP OF THE 5TH
Springfield Stars batting - Pitching for New Orleans Looters : RHP Edward Baker
Batting: RHB Norberto Taváres 0-0: Called Strike
0-1: Ball
1-1: Foul Ball, location: 2F
1-2: Ball
2-2: Ball
3-2: Foul Ball, location: 2F
3-2: Foul Ball, location: 2F
3-2: Base on Balls
Batting: LHB Mike Pearson 0-0: Ball
1-0: Ball
2-0: Called Strike
2-1: 2-RUN HOME RUN (Flyball, 9D), Distance : 437 ft
Batting: RHB Juan Carlos Rodríguez 0-0: Ball
1-0: Ball
2-0: Foul Ball, location: 2F
2-1: Foul Ball, location: 2F
2-2: Ground out 6-3 (Groundball, 6)
Batting: SHB António De La Cruz 0-0: Ball
1-0: Called Strike
1-1: Ball
2-1: Fly out, F7 (Flyball, 7)
Batting: LHB Jesús Tobías 0-0: Ball
1-0: Fly out, F9 (Flyball, 9)
Top of the 5th over - 2 runs, 1 hit, 0 errors, 0 left on base; Springfield 3 - New Orleans 1
BOTTOM OF THE 5TH
New Orleans Looters batting - Pitching for Springfield Stars : LHP José López
Batting: LHB Taylor Smith 0-0: Ball
1-0: Fly out, F7 (Flyball, 7S)
Batting: RHB Tim Gardner 0-0: Ground out 3-1 (Groundball, 34)
Batting: RHB Dan Banks 0-0: Ball
1-0: Foul Ball, location: 2F
1-1: Called Strike
1-2: Ball
2-2: Ball
3-2: Foul Ball, location: 2F
3-2: Base on Balls
Batting: LHB John Hudson 0-0: Ball
1-0: Ball
2-0: Swinging Strike
2-1: Swinging Strike
2-2: Strikes out swinging
Bottom of the 5th over - 0 runs, 0 hits, 0 errors, 1 left on base; Springfield 3 - New Orleans 1
TOP OF THE 6TH
Springfield Stars batting - Pitching for New Orleans Looters : RHP Edward Baker
Batting: LHB Derek Davidson 0-0: Called Strike
0-1: Ball
1-1: Foul Ball, location: 2F
1-2: Strikes out swinging
Batting: LHB Felipe Guerrero 0-0: Foul Ball, location: 2F
0-1: Foul Ball, location: 2F
0-2: Ball
1-2: Ground out 4-3 (Groundball, 4)
Batting: LHB Elliott Newell 0-0: Ball
1-0: Foul Ball, location: 2F
1-1: Ball
2-1: Foul Ball, location: 2F
2-2: Ball
3-2: Ground out 5-3 (Groundball, 5)
Top of the 6th over - 0 runs, 0 hits, 0 errors, 0 left on base; Springfield 3 - New Orleans 1
BOTTOM OF THE 6TH
New Orleans Looters batting - Pitching for Springfield Stars : LHP José López
Batting: RHB Run-ming Zhu 0-0: SINGLE (Groundball, 6MD)
Batting: LHB Miguel Colón 0-0: Called Strike
0-1: Fly out, F7 (Line Drive, 7LD)
Batting: LHB Mario Álvarez 0-0: Swinging Strike
0-1: Swinging Strike
0-2: Ball
1-2: Strikes out swinging
Batting: SHB Arturo Sánchez 0-0: 2-RUN HOME RUN (Flyball, 7LD), Distance : 345 ft
Batting: RHB Ramón Hernández 0-0: Ball
1-0: SOLO HOME RUN (Flyball, 78XD), Distance : 384 ft
Pitching: LHP Cristián Escobar
Batting: LHB Taylor Smith 0-0: Ball
1-0: Foul Ball, location: 2F
1-1: Foul Ball, location: 2F
1-2: Ball
2-2: Ball
3-2: Foul Ball, location: 2F
3-2: Foul Ball, location: 2F
3-2: Strikes out swinging
Bottom of the 6th over - 3 runs, 3 hits, 0 errors, 0 left on base; Springfield 3 - New Orleans 4
TOP OF THE 7TH
Springfield Stars batting - Pitching for New Orleans Looters : RHP Edward Baker
Batting: RHB Calvin Bennett 0-0: Called Strike
0-1: Ball
1-1: DOUBLE (Line Drive, 7LD)
Batting: RHB Norberto Taváres 0-0: Ball
1-0: Ball
2-0: Foul Ball, location: 2F
2-1: Ball
3-1: Called Strike
3-2: Foul Ball, location: 2F
3-2: Foul Ball, location: 2F
3-2: SINGLE (Groundball, 6D)
Calvin Bennett to third
Runner from 3rd tries for Home, SAFE, no throw
Pitching: RHP Ienobu Sato
Batting: LHB Mike Pearson 0-0: Swinging Strike
0-1: Swinging Strike
0-2: Foul Ball, location: 2F
0-2: Ball
1-2: Strikes out looking
Batting: RHB Juan Carlos Rodríguez 0-0: Ball
1-0: Called Strike
1-1: Called Strike
1-2: Ball
2-2: Foul Ball, location: 2F
2-2: Foul Ball, location: 2F
2-2: Strikes out swinging
Batting: SHB António De La Cruz 0-0: Called Strike
Norberto Taváres steals 2nd base
0-1: Foul Ball, location: 2F
0-2: Ball
1-2: Ball
2-2: SINGLE (Flyball, 8RS)
Norberto Taváres to third
Runner from 3rd tries for Home, SAFE, no throw
Batting: LHB Jesús Tobías 0-0: Ground out U3 (Groundball, 3)
Top of the 7th over - 2 runs, 3 hits, 0 errors, 1 left on base; Springfield 5 - New Orleans 4
BOTTOM OF THE 7TH
New Orleans Looters batting - Pitching for Springfield Stars : LHP Cristián Escobar
Batting: RHB Tim Gardner 0-0: Ball
1-0: Called Strike
1-1: Called Strike
1-2: Fly out, F9 (Flyball, 89D)
Batting: RHB Dan Banks 0-0: Called Strike
0-1: Ball
1-1: Foul Ball, location: 2F
1-2: Strikes out swinging
Batting: LHB John Hudson 0-0: Called Strike
0-1: Ground out 4-3 (Groundball, 4)
Bottom of the 7th over - 0 runs, 0 hits, 0 errors, 0 left on base; Springfield 5 - New Orleans 4
TOP OF THE 8TH
Springfield Stars batting - Pitching for New Orleans Looters : RHP Ienobu Sato
Batting: LHB Derek Davidson 0-0: SINGLE (Groundball, 34D)
Batting: LHB Felipe Guerrero 0-0: Ball
1-0: Foul Ball, location: 2F
1-1: SINGLE (Groundball, 6D)
Derek Davidson to second
Batting: LHB Elliott Newell 0-0: Ball
1-0: SINGLE (Groundball, 56D)
Derek Davidson to third
Felipe Guerrero to second
Batting: RHB Calvin Bennett 0-0: Swinging Strike
0-1: Grounds into fielders choice 4-2 (Groundball, 34)
Felipe Guerrero to third
Elliott Newell to second
Batting: RHB Norberto Taváres 0-0: Foul Ball, location: 2F
0-1: Ball
1-1: SINGLE (Groundball, 3D)
Felipe Guerrero scores
Elliott Newell to third
Calvin Bennett to second
Batting: LHB Mike Pearson 0-0: Swinging Strike
0-1: Swinging Strike
0-2: Ball
1-2: Ball
2-2: Strikes out swinging
Batting: RHB Juan Carlos Rodríguez 0-0: Fly out, F7 (Line Drive, 78M)
Top of the 8th over - 1 run, 4 hits, 0 errors, 3 left on base; Springfield 6 - New Orleans 4
BOTTOM OF THE 8TH
New Orleans Looters batting - Pitching for Springfield Stars : LHP Cristián Escobar
Batting: RHB Run-ming Zhu 0-0: Ground out 5-3 (Groundball, 56)
Batting: LHB Miguel Colón 0-0: Swinging Strike
0-1: Called Strike
0-2: Strikes out swinging
Batting: LHB Mario Álvarez 0-0: Foul Ball, location: 2F
0-1: Ball
1-1: Called Strike
1-2: Fly out, F9 (Flyball, 89D)
Bottom of the 8th over - 0 runs, 0 hits, 0 errors, 0 left on base; Springfield 6 - New Orleans 4
TOP OF THE 9TH
Springfield Stars batting - Pitching for New Orleans Looters : RHP Ienobu Sato
Pitching: LHP Juan Méndez
Batting: SHB António De La Cruz 0-0: Ground out 6-3 (Groundball, 6)
Batting: LHB Jesús Tobías 0-0: Foul Ball, location: 2F
0-1: Swinging Strike
0-2: Strikes out swinging
Batting: LHB Derek Davidson 0-0: Ball
1-0: Ball
2-0: Called Strike
2-1: Foul Ball, location: 2F
2-2: Foul Ball, location: 2F
2-2: SINGLE (Groundball, 6MD)
Batting: LHB Felipe Guerrero 0-0: Fly out, F7 (Flyball, 7LM)
Top of the 9th over - 0 runs, 1 hit, 0 errors, 1 left on base; Springfield 6 - New Orleans 4
BOTTOM OF THE 9TH
New Orleans Looters batting - Pitching for Springfield Stars : LHP Cristián Escobar
Pitching: RHP José Valdéz
Batting: SHB Arturo Sánchez 0-0: Ball
1-0: Ball
2-0: Ball
3-0: Called Strike
3-1: SINGLE (Line Drive, 34D)
Batting: RHB Ramón Hernández 0-0: Fly out, F8 (Flyball, 8RM)
Batting: LHB Taylor Smith 0-0: Ball
1-0: Ball
2-0: Ball
3-0: Base on Balls
Arturo Sánchez to second
Batting: RHB Tim Gardner 0-0: Called Strike
0-1: Swinging Strike
0-2: Grounds into double play, 5-4-3 (Groundball, 56)
Bottom of the 9th over - 0 runs, 1 hit, 0 errors, 1 left on base; Springfield 6 - New Orleans 4
Saturday, April 7th, 2018 - OOTP Baseball 18.8 Build 76